 Dungeon Crawl Stone Soup version 0.31.0-11-ge490571c62 (webtiles) character file.

Game seed: 16165083520842021606

12756 jasper the Carver (level 11, -13/67 HPs)
             Began as a Vampire Berserker on Feb 1, 2024.
             Was an Elder of Trog.
             Mangled by Frances
             ... wielding a +5 halberd of venom
              (30 damage)
             ... on level 12 of the Dungeon.
             The game lasted 00:19:14 (10075 turns).

jasper the Carver (Vampire Berserker)              Turns: 10075, Time: 00:19:14

Health: -13/67     AC: 12    Str: 16    XL:     11   Next: 66%
Magic:  11/11      EV: 19    Int:  9    God:    Trog [****..]
Gold:   708        SH:  9    Dex: 19    Spells: 10/10 levels left

rFire   . . .        Z - +3 scimitar (flame)
rCold   + + .        Q - +0 kite shield
rNeg    + + +        I - +0 acid dragon scales
rPois   ∞            G - +0 helmet
rElec   .            y - +0 cloak
rCorr   +            w - +1 pair of gloves
SInv    +            X - +0 pair of boots
Will    +++..        B - amulet of regeneration
Stlth   +++++++      (no ring)
HPRegen 1.00/turn    q - +5 ring of evasion
MPRegen 0.12/turn

%: no passive effects
@: about to teleport, strong-willed, bloodless, regenerating
A: bloodless, fangs 3, see invisible, vampiric 2
a: Bat Form, Revivify, Renounce Religion, Trog's Hand, Brothers in Arms


You were on level 12 of the Dungeon.
You worshipped Trog.
Trog was greatly pleased with you.
You visited 1 branch of the dungeon, and saw 12 of its levels.

You collected 792 gold pieces.
You spent 84 gold pieces at shops.

Inventory:

Hand Weapons
 S - a +2 heavy scimitar
 T - a +2 scimitar of flaming
 Z - a +3 scimitar of flaming (weapon)
Missiles
 v - 37 stones (quivered)
 z - 38 poisoned darts
 D - 6 boomerangs
 O - 3 javelins
Armour
 b - a +0 animal skin
 h - a +0 leather armour
 m - a +2 robe of fire resistance
 u - a +0 leather armour
 w - a +1 pair of gloves (worn)
 y - a +0 cloak (worn)
 G - a +0 helmet (worn)
 I - +0 acid dragon scales (worn)
 Q - a +0 kite shield (worn)
 R - a +0 troll leather armour
 X - a +0 pair of boots (worn)
Jewellery
 a - a +4 ring of protection
 e - a ring of fire
 f - a ring of flight
 k - a ring of protection from cold
 o - a ring of protection from cold
 q - a +5 ring of evasion (right hand)
 B - an amulet of regeneration (around neck)
 E - the ring "Cuburupt" {rCorr Str+7 Dex-4}
   (You found it on level 5 of the Dungeon)

   [ring of resist corrosion]

   Str+7:     It affects your strength (+7).
   Dex-4:     It affects your dexterity (-4).
   rCorr:     It protects you from acid and corrosion.
 L - a ring of poison resistance
 U - an amulet of faith
 Y - a +6 ring of intelligence
Wands
 g - a wand of iceblast (1)
 r - a wand of flame (16)
 K - a wand of digging (6)
 N - a wand of paralysis (7)
Scrolls
 j - a scroll of poison
 n - 2 scrolls of teleportation
 p - a scroll of vulnerability
 s - 7 scrolls of identify
 J - a scroll of fear
 M - a scroll of amnesia
Potions
 c - 2 potions of lignification
 d - 3 potions of enlightenment
 i - 4 potions of curing
 l - a potion of brilliance
 t - 5 potions of haste
 A - a potion of heal wounds
 C - a potion of mutation
 F - 2 potions of might
 P - a potion of berserk rage
 V - a potion of attraction


   Skills:
 + Level 7.1 Fighting
 - Level 14.0 Long Blades
 + Level 2.5 Armour
 + Level 8.2 Dodging
 + Level 11.1 Stealth
 + Level 2.0 Shields


You had 10 spell levels left.
You didn't know any spells.
Your spell library was empty.

Dungeon Overview and Level Annotations

Branches:
Dungeon (12/15)            Temple (0/1) D:6            Lair (0/5) D:9
    Orc: D:9-12

Altars:
Cheibriados
Dithmenos
Kikubaaqudgha
Makhleb
Nemelex Xobeh
Trog
Vehumet
Wu Jian
Xom
Yredelemnul

Shops:
D:3 !

Annotations:
D:4 1 runed translucent door, Natasha; gummybears's ghost, amateur OpSh
D:11 3 runed translucent doors, pigah's ghost, novice VSNe
D:12 Frances


Innate Abilities, Weirdness & Mutations

You do not regenerate when monsters are visible.
You are frail without blood (-20% HP).
You can heal yourself when you bite living creatures.
You are immune to poison.
You have razor-sharp teeth.
You have supernaturally acute eyesight. (SInv)
You are afflicted with vampirism and can become a bat while bloodless.


Message History

Frances, Duchess of Pandemonium comes into view.
She is wielding a +5 halberd of venom and wearing a +4 scale mail of positive energy.
Frances whispers indecipherable words.
The shard of ice hits you! You partially resist.
Aiming: Bolt of Light
Press: ? - help, Shift-Dir - straight line, f - Frances
Aim: Frances, wielding a +5 halberd of venom and wearing a +4 scale mail of positive energy (75% to hit)
The bolt of light misses Frances.
Frances mutters in a terrible tongue.
The iron shot hits you!!!
Ouch! That really hurt!
* * * LOW HITPOINT WARNING * * *
Aiming: Bolt of Light
Press: ? - help, Shift-Dir - straight line, f/p - Frances
Aim: Frances, wielding a +5 halberd of venom and wearing a +4 scale mail of positive energy (75% to hit)
The bolt of light hits Frances!
Frances is lightly wounded.
Frances is blinded.
The now-empty wand crumbles to dust.
Frances whispers indecipherable words.
As you read the scroll of teleportation, it crumbles to dust.
You feel strangely unstable.
The hellwing swoops through the air toward you!
The hellwing hits you but does no damage.
The hellwing hits you.
* * * LOW HITPOINT WARNING * * *
You slash the hellwing! You burn the hellwing! You bite the hellwing.
The hellwing is severely wounded.
You feel much better.
Frances is no longer blind.
The rust devil closely misses you. The hellwing closely misses you.
The hellwing hits you but does no damage.
Frances hits you from afar with a +5 halberd of venom!!
* * * LOW HITPOINT WARNING * * *
Your skin crawls.
You feel strong-willed.
The hellwing hits you but does no damage.
You block the hellwing's attack. You block the rust devil's attack.
Frances completely misses you.
The hellwing hits you but does no damage.
The hellwing closely misses you. Frances attacks as she pursues you!
Frances hits you from afar with a +5 halberd of venom!!
You die...

#...........#)##....
#...........))......
#..%[...............
#.....#############.
#.....# #. #.....#
#. #.....# #.
#.....# #< #..@4.#
#. #..4..# ##
###@..# # #...# #
#...# # #...# +
....# # #....# .
#....# .


You could see Frances, a hellwing (summoned) and a rust devil (summoned).

Vanquished Creatures
  Erica (D:10)
  2 boulder beetles (D:11)
  2 two-headed ogres
  2 manticores (D:11)
  An ugly thing (D:9)
  A cyclops (D:11)
  An unseen horror (D:10)
  A komodo dragon (D:10)
  An efreet (D:9)
  Maggie (D:6)
  2 trolls
  8 yaks
  A vampire (D:9)
  2 wyverns (D:9)
  A vampire mosquito (D:9)
  2 steam dragons (D:9)
  An acid dragon (D:9)
  A water moccasin (D:8)
  8 orc warriors
  A sky beast (D:7)
  8 centaurs
  A phantom (D:6)
  3 kobold brigands
  3 bullfrogs
  3 gnoll sergeants
  A scorpion (D:5)
  4 wights
  8 killer bees (D:9)
  7 howler monkeys
  A bombardier beetle (D:6)
  An electric eel (D:11)
  6 hounds
  5 jellies
  9 orc priests
  A sleepcap (D:5)
  Ijyb (D:2)
  11 orc wizards
  Natasha (D:4)
  5 iguanas
  15 gnolls
  8 adders
  A shadow imp (D:6)
  A white imp (D:7)
  4 ufetubi
  A ribbon worm (D:3)
  3 dart slugs (D:3)
  33 orcs
  7 bats
  3 endoplasms
  5 giant cockroaches
  8 hobgoblins
  6 jackals
  8 quokkas
  5 ball pythons
  3 frilled lizards
  5 goblins
  18 kobolds
  3 rats
256 creatures vanquished.

Vanquished Creatures (others)
  A vampire (D:10)
  An orc wizard (D:10)
2 creatures vanquished.

Grand Total: 258 creatures vanquished

Notes
Turn   | Place    | Note
-------+----------+-------------------------------------------
     0 | D:1      | jasper the Vampire Berserker began the quest for the Orb.
     0 | D:1      | Reached XP level 1. HP: 17/17 MP: 1/1
   113 | D:1      | Reached XP level 2. HP: 22/23 MP: 2/2
   300 | D:1      | Reached skill level 4 in Long Blades
   682 | D:1      | Gained mutation: You are afflicted with vampirism and can
                  | become a bat while bloodless. [Vampire growth]
   682 | D:1      | Reached XP level 3. HP: 28/28 MP: 3/3
  1018 | D:2      | Reached ** piety under Trog
  1644 | D:3      | Noticed Ijyb
  1680 | D:2      | Killed Ijyb
  1681 | D:2      | Reached skill level 5 in Long Blades
  1681 | D:2      | Reached XP level 4. HP: 34/34 MP: 4/4
  1801 | D:3      | You fall into a shaft and drop 2 floors!
  1801 | D:5      | Entered Level 5 of the Dungeon
  2127 | D:3      | Reached XP level 5. HP: 29/39 MP: 5/5
  2279 | D:4      | Reached skill level 6 in Long Blades
  2397 | D:4      | Found a runed translucent door.
  2401 | D:4      | Noticed gummybears's ghost (amateur OpSh)
  2643 | D:4      | Noticed Natasha
  2651 | D:4      | Killed Natasha
  2674 | D:4      | Noticed Natasha
  2787 | D:4      | Found an ancient bone altar of Kikubaaqudgha.
  2787 | D:4      | Found a shadowy altar of Dithmenos.
  2824 | D:5      | Reached XP level 6. HP: 46/46 MP: 6/6
  2827 | D:5      | Reached skill level 7 in Long Blades
  3172 | D:4      | Found a sparkling altar of Nemelex Xobeh.
  3173 | D:4      | Found a snail-covered altar of Cheibriados.
  3181 | D:4      | Found a shimmering altar of Xom.
  3182 | D:4      | Found a basalt altar of Yredelemnul.
  3184 | D:4      | Found an ornate altar of the Wu Jian Council.
  3185 | D:4      | Found a burning altar of Makhleb.
  3187 | D:4      | Found a bloodstained altar of Trog.
  3192 | D:4      | Found a radiant altar of Vehumet.
  3394 | D:3      | Reached skill level 8 in Long Blades
  3394 | D:3      | Reached XP level 7. HP: 51/51 MP: 7/7
  3442 | D:3      | Found Cyacufuts's Distillery.
  3445 | D:3      | Bought a potion of curing for 42 gold pieces
  3445 | D:3      | Bought a potion of curing for 42 gold pieces
  3574 | D:5      | Reached skill level 1 in Stealth
  4085 | D:5      | Identified the ring "Cuburupt" {rCorr Str+7 Dex-4}
  4692 | D:6      | Noticed Maggie
  4700 | D:6      | Found a staircase to the Ecumenical Temple.
  4713 | D:6      | Killed Maggie
  4714 | D:6      | Reached skill level 9 in Long Blades
  4714 | D:6      | Reached XP level 8. HP: 59/59 MP: 8/8
  4820 | D:6      | Reached *** piety under Trog
  5453 | D:7      | Reached skill level 5 in Stealth
  6319 | D:8      | Noticed a two-headed ogre
  6329 | D:8      | Killed a two-headed ogre
  6330 | D:8      | Reached skill level 10 in Long Blades
  6330 | D:8      | Reached skill level 5 in Dodging
  6330 | D:8      | Reached XP level 9. HP: 57/66 MP: 9/9
  6455 | D:8      | Reached skill level 5 in Fighting
  7050 | D:9      | Reached skill level 11 in Long Blades
  7052 | D:9      | Noticed a two-headed ogre
  7128 | D:9      | Killed a two-headed ogre
  7129 | D:9      | Reached XP level 10. HP: 76/76 MP: 10/10
  7287 | D:9      | Reached skill level 12 in Long Blades
  7430 | D:9      | Reached skill level 10 in Stealth
  7628 | D:9      | Found a staircase to the Lair.
  7806 | D:9      | Noticed a purple ugly thing
  7816 | D:9      | Killed a purple ugly thing
  7986 | D:10     | Entered Level 10 of the Dungeon
  8112 | D:10     | Reached XP level 11. HP: 83/83 MP: 11/11
  8213 | D:10     | Reached **** piety under Trog
  8301 | D:10     | Noticed Erica
  8315 | D:10     | Killed Erica
  8316 | D:10     | Reached skill level 13 in Long Blades
  8940 | D:11     | Noticed a boulder beetle
  9091 | D:11     | Killed a boulder beetle
  9270 | D:11     | Reached skill level 14 in Long Blades
  9453 | D:11     | Reached skill level 1 in Shields
  9547 | D:11     | Found a runed translucent gate.
  9548 | D:11     | Found a runed translucent gate.
  9549 | D:11     | Found a runed translucent gate.
  9553 | D:11     | Noticed pigah's ghost (novice VSNe)
  9566 | D:11     | Noticed a boulder beetle
  9720 | D:11     | Killed a boulder beetle
  9930 | D:12     | Noticed a centaur warrior
 10056 | D:12     | Identified the maw talisman "Vasom" {Will+ Str-4 Dex+6}
 10061 | D:12     | Noticed Frances
 10075 | D:12     | Mangled by Frances

Illustrated notes

Levels and vault maps discovered:
D:1:      ncdulo_smallfort, layout_loops_ring, fountainhead, hex_medium,
          st_stairs_6
D:2:      layout_loops_corners
D:3:      layout_rooms, serial_shops, nicolae_shop_tiny_real_fake_doors,
          st_stairs_9, uniq_ijyb
D:4:      layout_loops_corners, nicolae_overflow_hallway_of_the_gods,
          gammafunk_temple_overflow_pools, ebering_ghost_sewer_d, uniq_natasha
D:5:      layout_gridville
D:6:      layout_basic, minmay_temple_entry_arrows, nicolae_elevator_lobby_plus,
          uniq_maggie
D:7:      layout_basic
D:8:      layout_loops_ring
D:9:      cheibrodos_ideogram_h, layout_cross, lair_entry_dummy,
          small_statue_intersection, minmay_misc_feat_alley
D:10:     layout_stronghold, uniq_erica
D:11:     layout_basic, ebering_ghost_rock_garden
D:12:     layout_irregular_city, david_orc_2, gauntlet_entry_generic,
          uniq_frances

Skill      XL: |  1  2  3  4  5  6  7  8  9 10 11 |
---------------+----------------------------------+-----
Long Blades    | 4 5 6 8 9 10 11 12 14 | 14.0
Stealth        | 3 6 8 10 11 | 11.1
Fighting       | 3 4 5 6 7 |  7.1
Dodging        | 3 5 6 7 8 |  8.2
Armour         | 2 |  2.5
Shields        | 2 |  2.0

Action                     |  1- 3 |  4- 6 |  7- 9 | 10-12 || total
---------------------------+-------+-------+-------+-------++-------
  Melee: Falchion          |   116 |    41 |       |       ||   157
         Bite              |    10 |    19 |    25 |    53 ||   107
         Punch             |     1 |     3 |     3 |     6 ||    13
         Long sword        |       |   134 |   112 |       ||   246
         Scimitar          |       |       |   169 |   345 ||   514
  Throw: Stone             |       |     1 |     5 |       ||     6
         Dart              |       |     1 |       |     3 ||     4
 Invoke: Berserk           |     1 |     1 |     5 |     4 ||    11
         Trog's Hand       |       |     2 |     4 |     8 ||    14
Ability: Exsanguinate      |       |       |       |     1 ||     1
  Evoke: Wand              |       |     1 |     9 |    11 ||    21
    Use: Scroll            |     6 |     6 |     1 |    10 ||    23
         Potion            |       |       |     1 |     2 ||     3
   Stab: Distracted        |     1 |       |       |       ||     1
         Sleeping          |       |     2 |     5 |     7 ||    14
         Paralysed         |       |       |       |     5 ||     5
 Armour: Animal skin       |    24 |       |       |       ||    24
         Robe              |    31 |    56 |    46 |       ||   133
         Leather armour    |     5 |       |       |       ||     5
         Acid dragon scale |       |       |    86 |   173 ||   259
  Dodge: Dodged            |    83 |   125 |   317 |   351 ||   876
  Block: Kite shield       |       |       |       |    34 ||    34
